 Dungeon Crawl Stone Soup version 0.28-a0-533-g9f97627e2a (webtiles) character file.

Game seed: 15372494460427314299

802 sanka the Cleaver (level 7, 0/55 HPs)
             Began as a Palentonga Cinder Acolyte on Sept 25, 2021.
             Was a High Priest of Ignis.
             Slain by a hornet zombie (6 damage)
             ... on level 5 of the Dungeon.
             The game lasted 00:07:57 (6023 turns).

sanka the Cleaver (Palentonga Cinder Acolyte)       Turns: 6023, Time: 00:07:57

Health: 0/55       AC: 12    Str: 17    XL:     7   Next: 59%
Magic:  8/8        EV: 13    Int: 23    God:    Ignis [*****.]
Gold:   166        SH:  0    Dex:  5    Spells: 8/8 levels left

rFire   + . .      SeeInvis +   a - -1 hand axe (flame)
rCold   . . .      Faith    .   (no shield)
rNeg    . . .      Spirit   .   b - +0 robe
rPois   .          Reflect  .   (no helmet)
rElec   .          Harm     .   (no cloak)
rCorr   .          Rampage  .   i - +0 pair of gloves
Will    .....                   (no barding)
Stlth   +.........              (no amulet)
HPRegen 0.18/turn               m - +4 ring of evasion
MPRegen 0.11/turn               d - +6 ring of intelligence

@: curled up
A: large, rugged brown scales 3, see invisible, deformed body, roll 1, armoured
tail, reflexive curl
a: Rolling Charge, Renounce Religion, Sea of Fire, Foxfire Swarm, Rising Flame


You were on level 5 of the Dungeon.
You worshipped Ignis.
Ignis was extremely pleased with you.
You visited 1 branch of the dungeon, and saw 5 of its levels.

You collected 166 gold pieces.


Innate Abilities, Weirdness & Mutations

You are completely covered in rugged brown scales. (AC +3, +7% HP)
You have supernaturally acute eyesight. (SInv)
Armour fits poorly on your strangely shaped body.
You can roll at nearby foes to attack.
You have a long armoured tail.
You curl defensively after being hit.


   Skills:
 - Level 3.0 Fighting
 + Level 9.1 Axes
 - Level 1.0 Spellcasting
 - Level 2.4 Fire Magic


You had 8 spell levels left.
You didn't know any spells.
Your spell library contained the following spells:

 Spells                   Type           Power      Damage    Failure   Level
 Scorch                   Fire           24%        2d6       9%          2
 Ensorcelled Hibernation  Hex/Ice        2%         N/A       22%         2
 Dazzling Flash           Conj/Hex       2%         N/A       38%         3
 Spider Form              Tmut/Pois      0%         N/A       38%         3
 Iskenderun's Battlesphe  Conj           1%         2d6       98%         5
 Chain Lightning          Conj/Air       0%         2d1       100%        9

Inventory:

Hand Weapons
 a - a -1 hand axe of flaming (weapon)
Missiles
 A - a throwing net {=f}
Armour
 b - a +0 robe (worn)
 i - a +0 pair of gloves (worn)
Magical Staves
 u - a staff of cold
 B - a staff of earth
Jewellery
 d - a +6 ring of intelligence (right hand)
 m - a +4 ring of evasion (left hand)
 q - a ring of resist corrosion
 z - a ring of protection from cold
 C - a ring of protection from fire
Wands
 y - a wand of digging (7)
Scrolls
 e - 9 scrolls of identify {unknown}
 f - a scroll of acquirement {unknown}
 g - 2 scrolls of enchant armour {unknown}
 k - 3 scrolls of blinking {unknown}
 n - a scroll of amnesia {unknown}
 o - a scroll of enchant weapon {unknown}
 s - 2 scrolls of fear {unknown}
 t - 2 scrolls of magic mapping {unknown}
 D - a scroll of torment {unknown}
Potions
 c - a potion of haste {unknown}
 h - 7 potions of curing {unknown}
 j - a potion of attraction {unknown}
 l - 3 potions of heal wounds {unknown}
 p - a potion of brilliance {unknown}
 r - a potion of degeneration {unknown}
 v - a potion of flight {unknown}
 w - a potion of ambrosia {unknown}
 x - a potion of mutation {unknown}
 E - a potion of berserk rage {unknown}

Dungeon Overview and Level Annotations

Branches:
Dungeon (5/15)             Temple (0/1) D:5

Altars:
Dithmenos
Fedhas
Makhleb

Shops:
D:1 =   D:3 = D:4

?
............▒▒▒(▒▒▒
............▒
▒.▒▒▒▒▒▒▒
............▒
▒.......▒
............▒
▒▒▒▒▒▒▒.▒
............▒ ▒.▒
▒▒▒▒▒▒▒▒▒▒▒▒▒ ▒.▒
...▒▒▒▒ ▒.▒
.......▒▒▒▒▒.▒
>..##..H.....▒
...###Z▒▒▒▒▒▒▒
...###. ..£....
..▒▒▒▒▒ . ▒


You could see a hornet zombie.


Message History

You closely miss the hornet zombie.
The hornet zombie is severely damaged.
The hornet zombie hits you.
* * * LOW HITPOINT WARNING * * *
You hit the hornet zombie but do no damage.
The hornet zombie is severely damaged.
The hornet zombie misses you.
You hit the hornet zombie but do no damage.
The hornet zombie is severely damaged.
The hornet zombie barely misses you.
You hit the hornet zombie but do no damage.
You tail-slap the hornet zombie.
The hornet zombie is almost destroyed.
The hornet zombie hits you.
* * * LOW HITPOINT WARNING * * *
You hit the hornet zombie but do no damage.
The hornet zombie is almost destroyed.
The hornet zombie barely misses you.
You hit the hornet zombie. You burn the hornet zombie.
The hornet zombie is almost destroyed.
The hornet zombie barely misses you.
You hit the hornet zombie but do no damage.
The hornet zombie is almost destroyed.
The hornet zombie hits you.
* * * LOW HITPOINT WARNING * * *
You barely miss the hornet zombie.
The hornet zombie is almost destroyed.
The hornet zombie hits you.
You die...

Action                   |  1- 3 |  4- 6 |  7- 9 || total
-------------------------+-------+-------+-------++-------
Melee: Hand axe          |   122 |   178 |    98 ||   398
       Tailslap          |     5 |    10 |     9 ||    24
Invok: Foxfire Swarm     |     1 |     1 |       ||     2
 Abil: Rolling Charge    |     5 |     2 |     5 ||    12
Armor: Robe              |    59 |    37 |    10 ||   106
Dodge: Dodged            |    57 |   124 |    50 ||   231

Levels and vault maps discovered:
D:1:      mrwooster_arrival_statue_2, layout_loops_corners, serial_shops, shop,
          dreamdust_ecumenical_altar_sealed_demon, minmay_octomino_j4
D:2:      layout_rooms, corner_web_ring
D:3:      layout_loops_corners, lightli_temple_of_fire, lemuel_crystal_altar,
          mainiacjoe_overflow_alcove_4, serial_shops, shop
D:4:      layout_basic, serial_shops, nicolae_lakefront_shop, minmay_surrounded
D:5:      layout_basic, minmay_temple_entry_purple_smoke

Notes
Turn   | Place    | Note
-------+----------+-------------------------------------------
     0 | D:1      | sanka the Palentonga Cinder Acolyte began the quest for the
                  | Orb.
     0 | D:1      | Reached XP level 1. HP: 19/19 MP: 2/2
   313 | D:1      | Reached XP level 2. HP: 25/25 MP: 3/3
   414 | D:1      | Found Nawy's Jewellery Boutique.
   760 | D:1      | Reached skill level 4 in Axes
   947 | D:1      | Found a faded altar of an unknown god.
  1150 | D:2      | Reached XP level 3. HP: 31/31 MP: 4/4
  1798 | D:3      | Found a blossoming altar of Fedhas.
  1850 | D:3      | Reached skill level 5 in Axes
  1850 | D:3      | Reached XP level 4. HP: 6/37 MP: 5/5
  2288 | D:3      | Found Luoveafo's Jewellery Shop.
  2318 | D:3      | Found a burning altar of Makhleb.
  2357 | D:3      | Got Rash's Volume of Attacks
  2509 | D:3      | Found a shadowy altar of Dithmenos.
  3416 | D:4      | Reached XP level 5. HP: 40/43 MP: 6/6
  3460 | D:4      | Reached skill level 6 in Axes
  3882 | D:4      | Reached XP level 6. HP: 32/50 MP: 7/7
  4078 | D:4      | Found Mibimm's Magic Scroll Boutique.
  4529 | D:5      | Entered Level 5 of the Dungeon
  4541 | D:5      | Reached skill level 7 in Axes
  4834 | D:5      | HP: 4/50 [iguana (11)]
  5147 | D:5      | Reached skill level 8 in Axes
  5147 | D:5      | Gained mutation: You curl defensively after being hit.
                  | [Palentonga growth]
  5147 | D:5      | Reached XP level 7. HP: 55/55 MP: 8/8
  5446 | D:5      | Reached skill level 9 in Axes
  5997 | D:5      | Found a staircase to the Ecumenical Temple.
  6022 | D:5      | HP: 5/55 [hornet zombie (1)]
  6023 | D:5      | Slain by a hornet zombie

Vanquished Creatures
  An ogre (D:5)
  A centaur (D:5)
  A phantom (D:5)
  2 scorpions (D:4)
  A howler monkey (D:3)
  A hound (D:5)
  A gnoll shaman (D:5)
  3 iguanas
  A bullfrog skeleton (D:5)
  A hound skeleton (D:5)
  8 gnolls (D:5)
  7 adders
  A shadow imp (D:5)
  An ufetubus (D:5)
  A worm (D:2)
  4 orcs
  A ball python (D:1)
  5 endoplasms
  4 giant cockroaches
  4 hobgoblins
  6 jackals
  9 quokkas
  4 bats
  6 frilled lizards
  7 goblins
  3 kobolds
  7 rats
91 creatures vanquished.

Vanquished Creatures (others)
  31 foxfires
31 creatures vanquished.

Grand Total: 122 creatures vanquished
